 Dungeon Crawl Stone Soup version 0.26.1-10-gdfb7c7de75 (webtiles) character file.

Game seed: 13140873408651644502

5097 DearestLeader the Frost Mage (level 10, -16/66 (74) HPs)
             Began as a Merfolk Ice Elementalist on Apr 5, 2021.
             Was a Follower of Vehumet.
             Killed from afar by Erolcha (27 damage)
             ... with a crystal spear
             ... on level 9 of the Dungeon.
             The game lasted 00:25:58 (10726 turns).

DearestLeader the Frost Mage (MfIE)                Turns: 10726, Time: 00:25:59

HP:   -16/66 (74)   AC: 16    Str:  9    XL:     10   Next: 57%
MP:   3/13          EV: 13    Int: 17    God:    Vehumet [*.....]
Gold: 383           SH:  0    Dex: 15    Spells: 2/13 levels left

rFire    . . .     SeeInvis +   L - +2 halberd (freeze)
rCold    + . .     Faith    .   (shield currently unavailable)
rNeg     . . .     Spirit   .   w - +2 robe {Archmagi}
rPois    .         Reflect  .   (no helmet)
rElec    .         Harm     .   (no cloak)
rCorr    .         Rampage  .   (no gloves)
Will     .....                  A - +1 pair of boots
Stlth    ++........             x - amulet of regeneration (curse)
HPRegen  0.61/turn              m - ring of see invisible
MPRegen  0.13/turn              I - ring of protection from cold

@: icy armour, frozen ramparts, heavily drained
A: change form in water, swift swim, stealthy swim
a: Renounce Religion


You were on level 9 of the Dungeon.
You worshipped Vehumet.
Vehumet was aware of your devotion.
You visited 2 branches of the dungeon, and saw 10 of its levels.

You collected 383 gold pieces.

Inventory:

Hand Weapons
 c - a +0 hunting sling
 B - a +3 halberd
 E - a +0 glaive
 L - a +2 halberd of freezing (weapon)
Missiles
 t - 26 sling bullets
 z - 29 poisoned darts (quivered)
 H - a throwing net
Armour
 v - a +0 buckler
 w - a +2 robe of the Archmagi (worn)
 A - a +1 pair of boots (worn)
 K - +0 ice dragon scales
Jewellery
 e - an uncursed ring of flight
 m - a ring of see invisible (left hand)
 x - a cursed amulet of regeneration (around neck)
 I - a ring of protection from cold (right hand)
 R - an uncursed ring of willpower {unknown}
Wands
 n - a wand of random effects (45)
 o - a wand of flame (20)
 N - a wand of paralysis (7)
 Q - a wand of iceblast (9)
Scrolls
 b - a scroll of fear {unknown}
 i - 4 scrolls of enchant weapon
 j - 6 scrolls of remove curse
 k - 4 scrolls of magic mapping
 p - 2 scrolls of immolation {unknown}
 q - a scroll of fog {unknown}
 r - a scroll of teleportation
 y - a scroll of torment {unknown}
 D - 2 scrolls of amnesia {unknown}
 F - a scroll of random uselessness {unknown}
 G - 2 scrolls of enchant armour {unknown}
 J - a scroll of vulnerability {unknown}
 M - a scroll of silence {unknown}
Potions
 a - a potion of cancellation {unknown}
 d - 5 potions of heal wounds
 f - a potion of ambrosia {unknown}
 g - a potion of berserk rage
 h - a potion of flight {unknown}
 l - 2 potions of curing
 s - 3 potions of might
 u - a potion of magic {unknown}
 C - a potion of mutation {unknown}
 O - a potion of lignification {unknown}
 P - a potion of resistance {unknown}


   Skills:
 - Level 5.0 Fighting
 * Level 10.9 Polearms
 + Level 3.3 Dodging
 - Level 2.1 Stealth
 + Level 2.0 Spellcasting
 + Level 13.5 Ice Magic


You had 2 spell levels left.
You knew the following spells:

 Your Spells              Type           Power        Failure   Level
a - Freeze                Ice            100%         1%          1
b - Frozen Ramparts       Ice            100%         1%          3
c - Ozocubu's Armour      Ice            64%          1%          3
d - Summon Ice Beast      Ice/Summ       36%          12%         4

Your spell library contained the following spells:

 Spells                   Type           Power        Failure   Level
 Shock                    Conj/Air       8%           19%         1
 Animate Skeleton         Necr           4%           19%         1
 Magic Dart               Conj           8%           19%         1
 Pain                     Necr           8%           19%         1
 Searing Ray              Conj           4%           28%         2
 Hailstorm                Conj/Ice       36%          12%         4
 Dazzling Flash           Conj/Hex       4%           50%         3
 Vampiric Draining        Necr           1%           50%         3
 Animate Dead             Necr           1%           88%         4
 Fulminant Prism          Conj/Hex       1%           88%         4
 Iskenderun's Mystic Bla  Conj/Tloc      2%           88%         4
 Agony                    Necr           2%           99%         5


Dungeon Overview and Level Annotations

Branches:
Dungeon (9/15)             Temple (1/1) D:7            Lair (0/6) D:8
    Orc: D:9-12

Altars:
Cheibriados
Dithmenos
Gozag
Okawaru
Qazlal
Sif Muna
Trog
Uskayaw
Vehumet
Wu Jian
The Shining One

Shops:
D:9 (

Annotations:
D:7 2 transporters, TangoThomas's ghost, novice GnMo
D:9 Erolcha


Message History

The spectral weapon completely resists.
The wall freezes the spectral weapon but does no damage.
Your ice beast hits Erolcha but does no damage.
The spectral weapon resists.
The wall freezes the spectral weapon.
The wall freezes Erolcha.
Erolcha gestures at you while chanting. The crystal spear hits you!!
Ouch! That really hurt!
* * * LOW HITPOINT WARNING * * *
You hit Erolcha. You freeze Erolcha.
Erolcha is moderately wounded.
The spectral weapon completely resists.
The wall freezes the spectral weapon but does no damage.
The spectral weapon resists.
The wall freezes the spectral weapon.
Your ice beast hits Erolcha.
Your ice beast freezes Erolcha!
The spectral weapon resists.
The wall freezes the spectral weapon.
The wall freezes Erolcha!
Erolcha points at you and mumbles some strange words.
The crystal spear hits you!!
You die...

#.........# ......
#.........# .. ......
#####.........# ... .##.##
#.....###########...######.##
#.....#.............#........
#.....#.............#........
#.....#.............#........
#.....#......Y......#........
#.....#.....@O(.....#........
#.....####.###.##..###'######
#####....#.###########.#.....
#....#..........#..#.....
#....'..........'..#.....
#....#..........#..#.....
+....#..........#..#.....
#....#..........#..'.....
##....#####...#######....#


You could see Erolcha, a +2 spectral giant spiked club (summoned) and a friendly
ice beast (summoned).

Vanquished Creatures
  A komodo dragon (D:8)
  Prince Ribbit (D:6)
  6 yaks (D:7)
  Sigmund (D:1)
  Menkaure (D:4)
  Edmund (D:5)
  2 orc warriors (D:7)
  A sky beast (D:7)
  An ice beast (D:2)
  3 ogres
  A black bear (D:8)
  A necrophage (D:7)
  A phantom (D:6)
  2 bullfrogs
  2 scorpions
  10 killer bees (D:8)
  12 wights (D:7)
  A howler monkey (D:4)
  A bullfrog zombie (D:7)
  A bullfrog skeleton (D:4)
  2 hounds
  2 centaur skeletons
  A gnoll shaman (D:8)
  An orc priest (D:4)
  8 orc wizards
  An iguana (D:9)
  Natasha (thrice) (D:2)
  5 worker ants
  3 nameless horrors (D:7)
  2 mummies (D:7)
  A howler monkey zombie (D:7)
  10 gnolls
  A howler monkey skeleton (D:4)
  7 adders
  A shadow imp (D:7)
  A white imp (D:7)
  An ufetubus (D:5)
  2 oozes
  3 adder zombies
  2 worms (D:3)
  2 dart slugs
  3 leopard geckos
  42 orcs
  2 ball pythons
  11 bats
  4 giant cockroaches
  9 hobgoblins
  13 jackals
  10 kobolds
  2 quokkas
  A frilled lizard (D:1)
  13 goblins
  A quokka skeleton (D:9)
  7 rats
227 creatures vanquished.

Vanquished Creatures (collateral kills)
  A phantom (D:8)
  3 wights (D:7)
4 creatures vanquished.

Vanquished Creatures (others)
  42 plants (D:8)
  A withered plant (D:7)
43 creatures vanquished.

Grand Total: 274 creatures vanquished

Notes
Turn   | Place    | Note
-------+----------+-------------------------------------------
     0 | D:1      | DearestLeader the Merfolk Ice Elementalist began the quest
                  | for the Orb.
     0 | D:1      | Reached XP level 1. HP: 13/13 MP: 3/3
   358 | D:1      | Reached XP level 2. HP: 10/19 MP: 0/5
   577 | D:1      | Reached skill level 5 in Ice Magic
  1139 | D:1      | Reached XP level 3. HP: 23/24 MP: 3/6
  1152 | D:1      | Learned a level 3 spell: Frozen Ramparts
  1785 | D:2      | Found a shadowy altar of Dithmenos.
  1799 | D:2      | Noticed Natasha
  1809 | D:2      | Killed Natasha
  1810 | D:2      | Reached XP level 4. HP: 15/30 MP: 0/7
  1815 | D:2      | Reached skill level 6 in Ice Magic
  2337 | D:2      | Noticed Sigmund
  2648 | D:3      | Reached XP level 5. HP: 33/35 MP: 4/8
  2981 | D:3      | Reached skill level 7 in Ice Magic
  3011 | D:3      | Learned a level 3 spell: Ozocubu's Armour
  3202 | D:3      | Reached skill level 1 in Polearms
  3790 | D:3      | Reached XP level 6. HP: 37/41 MP: 9/9
  3869 | D:3      | Found a snail-covered altar of Cheibriados.
  3870 | D:3      | Noticed a torpor snail
  3870 | D:3      | Noticed a torpor snail
  3871 | D:3      | Noticed a torpor snail
  4026 | D:2      | Noticed Natasha
  4034 | D:2      | Killed Natasha
  4064 | D:2      | Noticed Natasha
  4070 | D:2      | Killed Natasha
  4153 | D:2      | Found a bloodstained altar of Trog.
  4238 | D:1      | Killed Sigmund
  4715 | D:2      | Noticed an ice beast
  4721 | D:2      | Killed an ice beast
  4722 | D:2      | Reached skill level 8 in Ice Magic
  4722 | D:2      | Reached XP level 7. HP: 44/51 MP: 6/10
  5452 | D:4      | Reached XP level 8. HP: 60/60 MP: 7/11
  5945 | D:4      | Noticed Menkaure
  5956 | D:4      | Killed Menkaure
  5957 | D:4      | Reached skill level 9 in Ice Magic
  6276 | D:5      | Entered Level 5 of the Dungeon
  6341 | D:5      | Reached skill level 5 in Polearms
  6491 | D:5      | Noticed Edmund
  6508 | D:5      | Killed Edmund
  6509 | D:5      | Reached skill level 5 in Fighting
  7494 | D:6      | Noticed Prince Ribbit
  7511 | D:6      | Killed Prince Ribbit
  7512 | D:6      | Reached skill level 10 in Ice Magic
  7512 | D:6      | You fall into a shaft and drop 2 floors!
  7553 | D:8      | Reached XP level 9. HP: 27/68 MP: 8/12
  7766 | D:8      | Reached skill level 11 in Ice Magic
  7805 | D:8      | Learned a level 4 spell: Summon Ice Beast
  8525 | D:7      | Reached skill level 12 in Ice Magic
  8599 | D:7      | Found a staircase to the Ecumenical Temple.
  8610 | Temple   | Entered the Ecumenical Temple
  8627 | Temple   | Became a worshipper of Vehumet
  8729 | D:7      | Noticed a two-headed ogre
  8729 | D:7      | Noticed a moth of wrath
  8730 | D:7      | Noticed TangoThomas's ghost (novice GnMo)
  8743 | D:7      | Found a bloodstained altar of Trog.
  8751 | D:7      | Found a transporter.
  8773 | D:7      | Reached XP level 10. HP: 64/74 MP: 7/13
  8777 | D:7      | Reached skill level 10 in Polearms
  9006 | D:7      | Found a transporter.
  9062 | D:7      | Reached skill level 13 in Ice Magic
  9251 | D:7      | Reached * piety under Vehumet
  9251 | D:7      | Offered knowledge of Shock by Vehumet.
  9746 | D:8      | Found a staircase to the Lair.
 10416 | D:8      | Found a glowing golden altar of the Shining One.
 10416 | D:8      | Found a shimmering blue altar of Sif Muna.
 10422 | D:8      | Found a faded altar of an unknown god.
 10424 | D:8      | Found a faded altar of an unknown god.
 10426 | D:8      | Found an opulent altar of Gozag.
 10662 | D:9      | Found Muowu's Weapon Boutique.
 10717 | D:9      | Noticed Erolcha
 10726 | D:9      | Killed from afar by Erolcha

Illustrated notes

Levels and vault maps discovered:
D:1:      minmay_arrival_jagged, layout_basic, minmay_pentomino_t4
D:2:      layout_basic, lemuel_crystal_altar, lemuel_coloured_pillars_altar,
          uniq_sigmund, uniq_natasha
D:3:      cheibrodos_helix_gallery, layout_basic, cheibriados_altar_2
D:4:      layout_basic, hangedman_decor_riveting, uniq_menkaure
D:5:      layout_basic, uniq_edmund
D:6:      layout_rooms, uniq_prince_ribbit1
D:7:      layout_loops_ring, minmay_temple_entry_mist,
          gammafunk_ghost_wrathful_warriors, serial_undead, serial_undead_c,
          serial_undead_d, serial_undead_a, serial_undead_b
D:8:      layout_loops_ring, chequers_temple_overflow_minitemple,
          david_lair_shrubbed
D:9:      layout_gridville, serial_shops, shop_statue, lemuel_angel_altar,
          uniq_joseph, uniq_erolcha
Temple:   eino_temple_scatter_basement

Skill      XL: |  1  2  3  4  5  6  7  8  9 10 |
---------------+-------------------------------+-----
Ice Magic      | 5 6 7 8 10 12 13 | 13.5
Dodging        | 3 |  3.3
Polearms       | 1 3 4 6 9 10 | 10.9
Fighting       | 2 4 5 |  5.0
Stealth        | |  2.1
Spellcasting   | |  2.0

Action                   |  1- 3 |  4- 6 |  7- 9 | 10-12 || total
-------------------------+-------+-------+-------+-------++-------
Melee: Unarmed           |    22 |       |       |       ||    22
       Whip              |    16 |    88 |   177 |    27 ||   308
       Halberd           |       |       |       |   112 ||   112
 Cast: Freeze            |    48 |    14 |     3 |     6 ||    71
       Frozen Ramparts   |     1 |    11 |    26 |    13 ||    51
       Ozocubu's Armour  |       |     2 |     6 |     4 ||    12
       Summon Ice Beast  |       |       |     2 |     7 ||     9
  Use: Scroll            |       |     7 |     3 |       ||    10
       Potion            |       |       |       |     1 ||     1
 Stab: Sleeping          |     3 |     2 |     3 |     1 ||     9
       Distracted        |       |     1 |       |       ||     1
Armor: Robe              |    13 |     1 |    54 |    23 ||    91
       Leather armour    |     2 |    21 |       |       ||    23
Dodge: Dodged            |    47 |    97 |   145 |    90 ||   379
